Map: 莱瑞拉克之冠

Players

TheFatShorts

  • Race: Zerg Zerg
  • League: Diamond

shengy - Winner!

  • Race: Zerg Zerg
  • League: Platinum

VOD

Have the link to the VOD?

Description

Time

  • Played on: Jan. 1, 2016, 9:54 p.m.
  • Length: 4:31
Show
View Real Time Build Order
Export as new Build Order

TheFatShorts Zerg 

Build Orders: Hatch First 

Get SALT Encoding   

  12  0:08  Overlord  
  12  0:12  Drone  
  13  0:17  Drone  
  14  0:26  Drone  
  15  0:32  Drone  
  16  0:41  Drone  
  17  0:55  Hatchery  
  16  0:59  Drone  
  17  1:11  Spawning Pool  
  17  1:14  Extractor  
  17  1:17  Drone  
  16  1:20  Drone  
  17  1:26  Drone  
  18  1:42  Drone  
  19  1:49  Overlord  
  19  1:56  Drone  
  20  2:01  Queen  
  20  2:06  Queen  
  20  2:08  Zergling x4  
  26  2:17  Drone  
  26  2:18  Drone  
  28  2:23  Metabolic Boost  
  28  2:30  Drone x2  
  30  2:49  Zergling x6  
  31  2:56  Baneling Nest  
  30  3:07  Queen  
  32  3:15  Drone x3  
  32  3:16  Overlord  
  32  3:19  Roach Warren  
  34  3:22  Drone x2  
  34  3:25  Drone, Extractor  
  36  3:35  Drone x2  
  36  3:38  Drone x4  
  42  3:42  Extractor  
  41  3:50  Zergling x2  
  41  3:51  Zergling x2  
Show
View Real Time Build Order
Export as new Build Order

shengy Zerg - Winner!

Build Orders: Hatch First, Zergling Baneling 

Get SALT Encoding   

  12  0:01  Drone  
  13  0:12  Drone  
  14  0:16  Overlord  
  14  0:26  Drone, Extractor  
  15  0:35  Drone  
  16  0:36  Drone  
  17  0:56  Hatchery  
  16  1:01  Drone  
  16  1:02  Drone  
  18  1:07  Drone  
  19  1:12  Extractor  
  19  1:18  Spawning Pool  
  17  1:23  Drone  
  18  1:28  Drone  
  19  1:39  Overlord  
  19  2:05  Queen  
  19  2:07  Zergling x4  
  23  2:09  Queen  
  25  2:16  Metabolic Boost  
  25  2:22  Zergling x2  
  26  2:23  Zergling x6  
  29  2:30  Overlord  
  29  2:33  Zergling x2  
  30  2:49  Zergling x4  
  31  2:54  Zergling x4  
  33  3:08  Zergling x4  
  35  3:14  Baneling Nest  
  35  3:16  Zergling x4  
  36  3:27  Zergling x12  
  42  3:52  Zergling x4  
  42  3:54  Overlord x2  
  44  4:00  Baneling  
  44  4:01  Baneling x8  
Tags
 
Add a new tag
Caveats
  • Supply blocks, unpowered buildings, or Contaminate may cause inaccurate times.
  • Supply counts are checked every 10 seconds.